 Dungeon Crawl Stone Soup version 0.29.0-4-gdea44cf6ec (webtiles) character file.

Game seed: 9347604410636316835

18 qw the Chopper (level 2, 0/17 HPs)
             Began as a Tengu Warper on Aug 29, 2022.
             Succumbed to their own poison gas
             ... on level 2 of the Dungeon.
             The game lasted 00:00:17 (1001 turns).

qw the Chopper (Tengu Warper)                       Turns: 1001, Time: 00:00:18

Health: 0/17       AC:  5    Str: 11    XL:     2   Next: 70%
Magic:  4/6        EV: 10    Int: 13    God:
Gold:   68         SH:  0    Dex: 13    Spells: 5/5 levels left

rFire   . . .      SeeInvis .   Y - +1 hand axe
rCold   . . .      Faith    .   (no shield)
rNeg    . . .      Spirit   +   g - +0 ring mail
rPois   .          Reflect  .   (helmet restricted)
rElec   .          Harm     .   (no cloak)
rCorr   .          Rampage  .   (no gloves)
Will    .....                   (boots unavailable)
Stlth   +.........              f - amulet of guardian spirit
HPRegen 0.05/turn               (no ring)
MPRegen 0.10/turn               (no ring)

@: lethally poisoned (0 -> -6), weak-willed, flying
A: beak, talons 3
a: no special abilities


You were on level 2 of the Dungeon.
You visited 1 branch of the dungeon, and saw 2 of its levels.

You collected 68 gold pieces.


Innate Abilities, Weirdness & Mutations

You have a beak for a mouth.
You have claws for feet.


   Skills:
 - Level 2.0 Fighting
 + Level 3.5 Axes
 - Level 1.0 Throwing
 - Level 1.1 Armour
 - Level 2.1 Dodging
 - Level 2.0 Spellcasting
 - Level 2.4 Translocations


You had 5 spell levels left.
You didn't know any spells.
Your spell library contained the following spells:

 Spells                   Type           Power      Damage    Failure   Level
 Blink                    Tloc           14%        N/A       34%         2
 Gell's Gravitas          Tloc           7%         N/A       56%         3
 Lesser Beckoning         Tloc           7%         N/A       56%         3
 Teleport Other           Tloc           7%         N/A       56%         3
 Manifold Assault         Tloc           7%         N/A       99%         5

Inventory:

Hand Weapons
 h - a +0 club
 Y - a +1 hand axe (weapon)
Armour
 g - a +0 ring mail (worn)
Jewellery
 f - an amulet of guardian spirit (around neck)
Scrolls
 i - a scroll of identify
Potions
 j - a potion of cancellation
 n - a potion of attraction {unknown}

Dungeon Overview and Level Annotations

Branches:
Dungeon (2/15)

Altars:


Message History

As you read the scroll labelled ZECUVO XECKAMN, it crumbles to dust.
A profound silence engulfs you.
It was a scroll of silence.
You start waiting.
Your hearing returns.
Done waiting.
991 ||| READING scroll labelled ZATOT MIMI.
As you read the scroll labelled ZATOT MIMI, it crumbles to dust.
Magic quickly surges around you.
It was a scroll of vulnerability.
992 ||| READING scroll labelled KUSHIGELAI.
The air fills with toxic fumes!
As you read the scroll labelled KUSHIGELAI, it crumbles to dust.
It was a scroll of poison.
993 ||| DRINKING 2 sedimented emerald potions.
It was a potion of flight.
You feel very buoyant.
You fly up into the air.
994 ||| READING 2 scrolls of identify.
As you read the scroll of identify, it crumbles to dust.
j - a potion of cancellation
994 ||| IDENTIFYING metallic grey potion
995 ||| DROPPING scroll of blinking.
You drop a scroll of blinking.
996 ||| DROPPING potion of flight.
You drop a potion of flight.
(D) Dungeon
Where to? (* - list waypoints, ? - help)
What level of the Dungeon? (default 1, ? - help) Sorry, I don't know how to get there.
Partly explored, can't reach some places.
997 ||| Stepping randomly (stuck).
Really fly into that cloud of poison gas?
You are engulfed in poison gas.
You are poisoned.
You feel very sick.
998 ||| Stepping ~*~*~tactically~*~*~ (cloud).
You feel sick.
Items here: ! = ? [.
There is a lethal amount of poison in your body!
You feel sick.
There is a lethal amount of poison in your body!
You feel sick.
There is a lethal amount of poison in your body!
You die...

#.##....# #.##....#
#.##....########
####.####.#......¤#
.....####.###.###¤#
.......##.# #.#<#¤#
######.##.# #.#.#0#
#.##.# #.#.#¤#
#.##.# #.#0@¤#
#....# #.#####
###### #.# #.#


There were no monsters in sight!

Vanquished Creatures
  A ball python (D:1)
  An endoplasm (D:1)
  A giant cockroach (D:1)
  2 goblins (D:1)
  2 hobgoblins (D:1)
  3 jackals (D:1)
  A kobold (D:1)
  A frilled lizard (D:1)
  4 rats
16 creatures vanquished.

Notes
Turn   | Place    | Note
-------+----------+-------------------------------------------
     0 | D:1      | qw the Tengu Warper began the quest for the Orb.
     0 | D:1      | Reached XP level 1. HP: 12/12 MP: 4/4
     0 | D:1      | 0 ||| qw: Version: 0.1-a-89-g26bdef1
     0 | D:1      | 0 ||| qw: Game counter: 3594
     0 | D:1      | 0 ||| qw: Always use a shield: true
     0 | D:1      | 0 ||| qw: God list: Okawaru
     0 | D:1      | 0 ||| qw: Allow faded altars: false
     0 | D:1      | 0 ||| qw: Do Orc after D:15 true
     0 | D:1      | 0 ||| qw: Do second Lair branch before Depths: true
     0 | D:1      | 0 ||| qw: Lair rune preference: random
     0 | D:1      | 0 ||| qw: Plans: Normal
     0 | D:1      | 0 ||| PLANNING D:1-11
    40 | D:1      | 40 ||| Stepping ~*~*~tactically~*~*~ (stealth).
    41 | D:1      | 41 ||| Stepping ~*~*~tactically~*~*~ (stealth).
   222 | D:1      | Found a faded altar of an unknown god.
   226 | D:1      | Reached skill level 3 in Axes
   226 | D:1      | Reached XP level 2. HP: 17/17 MP: 6/6
   827 | D:1      | You fall into a shaft and drop 1 floor!
   871 | D:2      | 871 ||| UPGRADING to +0 ring mail.
   881 | D:2      | 881 ||| DROPPING +0 leather armour.
   882 | D:2      | 882 ||| UPGRADING to amulet of guardian spirit.
   887 | D:2      | 887 ||| DROPPING ring of wizardry.
   888 | D:2      | 888 ||| READING scroll labelled PUFUTU LONAHIHU.
   889 | D:2      | 889 ||| READING 3 scrolls labelled WIXTUA NEXZYZI.
   890 | D:2      | 890 ||| READING scroll labelled ZECUVO XECKAMN.
   991 | D:2      | 991 ||| READING scroll labelled ZATOT MIMI.
   992 | D:2      | 992 ||| READING scroll labelled KUSHIGELAI.
   993 | D:2      | 993 ||| DRINKING 2 sedimented emerald potions.
   994 | D:2      | 994 ||| READING 2 scrolls of identify.
   994 | D:2      | 994 ||| IDENTIFYING metallic grey potion
   995 | D:2      | 995 ||| DROPPING scroll of blinking.
   996 | D:2      | 996 ||| DROPPING potion of flight.
   997 | D:2      | 997 ||| Stepping randomly (stuck).
   998 | D:2      | 998 ||| Stepping ~*~*~tactically~*~*~ (cloud).
   998 | D:2      | HP: 4/17 [poisoned by you (poison gas)]
  1000 | D:2      | HP: 1/17 [poisoned by you (poison gas)]
  1001 | D:2      | Succumbed to their own poison gas

Levels and vault maps discovered:
D:1:      dpeg_arrival_oval, layout_basic, basic_ecumenical_altar
D:2:      layout_basic, serial_bayou_lagoon_a

Skill      XL: |  1 |
---------------+----+-----
Axes           | 3 |  3.5
Fighting       | |  2.0
Throwing       | |  1.0
Armour         | |  1.1
Dodging        | |  2.1
Spellcasting   | |  2.0
Translocations | |  2.4

Action                   || total
-------------------------++-------
Melee: Hand axe          ||    24
       Kick              ||     5
       Peck              ||     4
       Punch             ||     1
Throw: Boomerang         ||     7
  Use: Scroll            ||     6
       Potion            ||     1
Armor: Leather armour    ||     3
Dodge: Dodged            ||    13

Table legend:
 A = Non-vault XP
 B = Vault XP
 C = Vault XP percentage of total XP
 D = Non-vault monster count
 E = Vault monster count
 F = Vault count percentage of total count
                 A         B        C        D         E       F
            +---------+---------+-------+---------+---------+-------
      Total |      27 |       0 |   0.0 |      16 |       0 |   0.0
            +---------+---------+-------+---------+---------+-------
        D:1 |      26 |       0 |   0.0 |      15 |       0 |   0.0
        D:2 |       1 |       0 |   0.0 |       1 |       0 |   0.0
            +---------+---------+-------+---------+---------+-------
